 Dungeon Crawl Stone Soup version 0.25-a0-317-g5f8687b (webtiles) character file.

Game seed: 12673270054052386384, levelgen mode: deterministic

19132 Birdy the Nimble (level 12, -4/120 HPs)
             Began as a Tengu Monk on Dec 26, 2019.
             Was a High Priest of Dithmenos.
             Shot with an arrow by Nessos (16 damage)
             ... on level 5 of the Lair of Beasts.
             The game lasted 00:48:36 (15713 turns).

Birdy the Nimble (Tengu Monk)                      Turns: 15713, Time: 00:48:37

Health: -4/120     AC:  4    Str: 21    XL:     12   Next: 65%
Magic:  10/18      EV: 26    Int: 12    God:    Dithmenos [*****.]
Gold:   812        SH:  6    Dex: 20    Spells: 11/11 levels left

rFire    + . .     SeeInvis .   a - +0 long sword
rCold    + . .     Gourm    .   N - +0 buckler
rNeg     . . .     Faith    .   d - +0 leather armour
rPois    +         Spirit   .   (helmet restricted)
rElec    +         Reflect  .   e - +0 cloak
rCorr    +         Harm     .   (no gloves)
MR       +....                  (boots unavailable)
Stlth    ..........             k - amulet of rage
HPRegen  0.30/turn              w - ring of protection from magic
MPRegen  0.16/turn              J - +4 ring of strength

@: mighty, berserking, lethally poisoned (-4 -> -11), resistant, flying quickly
and evasively, wreathed by umbra, very quick
A: beak, horns 1, talons 3, camouflage 1, able to fly
a: Stop Flying, Shadow Step, Shadow Form, Renounce Religion, Evoke Berserk Rage


You were on level 5 of the Lair of Beasts.
You worshipped Dithmenos.
Dithmenos was extremely pleased with you.
You were not hungry.

You visited 3 branches of the dungeon, and saw 15 of its levels.

You collected 812 gold pieces.

Inventory:

Hand Weapons
 a - a +0 long sword (weapon)
Missiles
 t - 4 curare-tipped darts (quivered)
Armour
 d - a +0 leather armour (worn)
 e - a +0 cloak (worn)
 r - a +2 robe of fire resistance
 M - a +1 scale mail of poison resistance
 N - a +0 buckler (worn)
Jewellery
 b - an uncursed ring of resist corrosion
 f - an uncursed ring of ice
 h - an uncursed ring of see invisible
 i - an uncursed ring of wizardry
 k - an amulet of rage (around neck)
 l - a +2 ring of intelligence
 w - a ring of protection from magic (left hand)
 E - an uncursed ring of protection from cold
 J - a +4 ring of strength (right hand)
 O - an uncursed amulet of regeneration
Wands
 j - a wand of iceblast (1)
 B - a wand of digging (5)
 C - a wand of polymorph (11)
 D - a wand of flame (16)
Scrolls
 g - 13 scrolls of remove curse
 m - 2 scrolls of enchant weapon
 o - 5 scrolls of teleportation
 p - 2 scrolls of magic mapping
 q - 3 scrolls of random uselessness {unknown}
 y - 5 scrolls of fear {unknown}
 z - 2 scrolls of fog {unknown}
 G - 4 scrolls of amnesia
 I - a scroll of enchant armour {unknown}
 K - 3 scrolls of immolation {unknown}
 L - a scroll of silence {unknown}
 P - a scroll of blinking {unknown}
Potions
 n - 2 potions of brilliance
 u - 2 potions of magic
 x - a potion of resistance
 A - a potion of berserk rage
 R - a potion of lignification
Comestibles
 c - 23 rations


   Skills:
 + Level 11.1 Fighting
 + Level 11.9 Long Blades
 - Level 4.0 Armour
 + Level 12.0 Dodging
 - Level 2.0 Stealth
 - Level 4.0 Shields
 - Level 7.0 Evocations


You had 11 spell levels left.
You didn't know any spells.
Your spell library contained the following spells:

 Spells                   Type           Power        Failure   Level  Hunger
 Animate Skeleton         Necr           N/A          36%         1    ##.....
 Apportation              Tloc           #.....       36%         1    ##.....
 Beastly Appendage        Tmut           #.....       36%         1    ##.....
 Confusing Touch          Hex            #.....       36%         1    ##.....
 Corona                   Hex            #......      36%         1    ##.....
 Magic Dart               Conj           #...         36%         1    ##.....
 Sandblast                Erth           #.....       36%         1    ##.....
 Summon Small Mammal      Summ           #...         36%         1    ##.....
 Blink                    Tloc           N/A          50%         2    ###....
 Call Imp                 Summ           #.......     50%         2    ###....
 Ensorcelled Hibernation  Hex/Ice        #.....       50%         2    ###....
 Passwall                 Tmut/Erth      #.......     50%         2    ###....
 Slow                     Hex            #.......     50%         2    ###....
 Sticks to Snakes         Tmut           #.......     50%         2    ###....
 Confuse                  Hex            #.......     75%         3    ####...
 Conjure Flame            Conj/Fire      #.......     75%         3    ####...
 Dazzling Flash           Conj/Hex       #.....       75%         3    ####...
 Mephitic Cloud           Conj/Pois/Air  #.......     75%         3    ####...
 Spider Form              Tmut/Pois      #.........   75%         3    ####...
 Stone Arrow              Conj/Erth      #.....       75%         3    ####...
 Tukima's Dance           Hex            #.......     75%         3    ####...
 Ice Form                 Ice/Tmut       #.......     98%         4    #####..
 Petrify                  Tmut/Erth      #.......     98%         4    #####..
 Blade Hands              Tmut           #.........   100%        5    ######.
 Lee's Rapid Deconstruct  Erth           #.........   100%        5    ######.


Dungeon Overview and Level Annotations

Branches:
Dungeon (9/15)             Temple (1/1) D:5            Lair (5/6) D:9
  Swamp (0/4) Lair:2       Spider (0/4) Lair:3
  Slime: Lair:5-6       Orc: D:9-12

Altars:
Ashenzari
Cheibriados
Dithmenos
Elyvilon
Fedhas
Gozag
Hepliaklqana
Kikubaaqudgha
Makhleb
Nemelex Xobeh
Okawaru
Qazlal
Ru
Sif Muna
Trog
Uskayaw
Vehumet
Wu Jian
Xom
Yredelemnul
Zin
The Shining One

Annotations:
D:7 3 runed translucent doors, AlolanVulpixel's ghost, novice MiBe
Lair:4 exclusion: 3 death yaks
Lair:5 Nessos


Innate Abilities, Weirdness & Mutations

You have a beak for a mouth.
You have claws for feet.
You can fly continuously.
You have a pair of small horns on your head.
Your skin changes colour to match your surroundings (Stealth+).


Message History

It stops flaming.
Nessos hits you but does no damage.
Nessos blinks!
You feel better.
Nessos pounds the earth with their hooves.
Nessos wields a +1 longbow of flaming.
It bursts into flame!
Nessos shoots an arrow.
The arrow completely misses you.
You fail to use your ability.
Nessos shoots an arrow.
The arrow hits you!
* * * LOW HITPOINT WARNING * * *
The arrow burns you.
You are lethally poisoned!
* * * LOW HITPOINT WARNING * * *
Nessos shoots an arrow.
The arrow misses you.
Okay, then.
A red film seems to cover your vision as you go berserk!
You feel yourself moving faster!
You feel mighty!
You feel sick.
Nessos shoots an arrow.
You block the arrow.
Okay, then.
You are too berserk!
You feel a strong urge to attack something.
Nessos blinks!
Nessos shoots an arrow.
The arrow hits you!
You die...

#### ##.#.##
##....(. ####.#....
#.#.....# #.c.#?#
###ยง..(# #....(##
####.@....###
#P#.(..P....#
##.....#.....#
##P......#....#
###P.......##.#..#
#.......#.(####.....
##.....###.#####....
#..#.#..#..#.# ....
#...####.....##P..P


You could see Nessos.

Vanquished Creatures
  Harold (Lair:1)
  2 hydras (Lair:4)
  6 elephants (Lair:3)
  A torpor snail (Lair:3)
  4 spiny frogs
  A black mamba (Lair:1)
  8 komodo dragons
  2 dream sheep (Lair:3)
  9 blink frogs
  9 hippogriffs
  A spriggan (D:7)
  2 basilisks
  5 yaks (Lair:4)
  A hungry ghost (D:9)
  7 water moccasins
  4 porcupines
  An orc warrior (D:9)
  A hornet zombie (D:3)
  3 ice beasts
  3 phantoms
  A sky beast (D:8)
  3 wolves (Lair:3)
  An ogre (D:7)
  5 centaurs
  6 crocodiles
  2 big kobolds
  11 bullfrogs
  5 scorpions
  A wyvern skeleton (D:8)
  9 killer bees (D:8)
  5 crimson imps
  A bullfrog zombie (D:8)
  2 centaur zombies
  5 hounds
  A quasit (D:9)
  A bullfrog skeleton (D:7)
  A centaur skeleton (D:7)
  3 orc priests
  4 jellies
  Crazy Yiuf (D:2)
  10 iguanas
  Terence (D:2)
  12 orc wizards
  10 worker ants
  A killer bee zombie (D:4)
  A howler monkey skeleton (D:6)
  9 adders
  4 shadow imps
  2 oozes (D:1)
  4 adder skeletons
  A worm (D:2)
  4 dart slugs
  6 leopard geckos
  19 orcs
  3 giant cockroaches
  6 goblins
  10 hobgoblins
  13 jackals
  6 quokkas
  14 bats
  6 frilled lizards
  A jackal zombie (D:7)
  12 kobolds
  A leopard gecko skeleton (D:8)
  2 quokka skeletons
  A quokka zombie (D:8)
  7 rats
305 creatures vanquished.

Vanquished Creatures (others)
  3 fungi
  2 plants (D:7)
5 creatures vanquished.

Grand Total: 310 creatures vanquished

Notes
Turn   | Place    | Note
-------+----------+-------------------------------------------
     0 | D:1      | Birdy the Tengu Monk began the quest for the Orb.
     0 | D:1      | Reached XP level 1. HP: 14/14 MP: 2/2
    33 | D:1      | Reached XP level 2. HP: 12/19 MP: 3/3
    52 | D:1      | Reached skill level 1 in Armour
   434 | D:1      | Reached XP level 3. HP: 23/23 MP: 4/4
   984 | D:2      | Noticed Terence
  1000 | D:2      | Killed Terence
  1000 | D:2      | Reached XP level 4. HP: 24/28 MP: 5/5
  1246 | D:2      | Found a runed translucent door.
  1247 | D:2      | Noticed Crazy Yiuf
  1634 | D:2      | Gained mutation: Your body sometimes deteriorates upon
                  | taking damage. [potion of mutation]
  1634 | D:2      | Gained mutation: You are robust. (+10% HP) [potion of
                  | mutation]
  1932 | D:2      | Killed Crazy Yiuf
  1932 | D:2      | Reached skill level 4 in Dodging
  1932 | D:2      | Reached skill level 1 in Evocations
  1932 | D:2      | Gained mutation: You can fly continuously. [Tengu growth]
  1932 | D:2      | Reached XP level 5. HP: 36/36 MP: 6/6
  2555 | D:3      | Reached XP level 6. HP: 18/41 MP: 8/8
  3855 | D:4      | Found a stormy altar of Qazlal.
  3967 | D:4      | Reached XP level 7. HP: 7/47 MP: 9/9
  4518 | D:5      | Entered Level 5 of the Dungeon
  4548 | D:5      | Found a staircase to the Ecumenical Temple.
  4567 | Temple   | Entered the Ecumenical Temple
  4814 | Temple   | Became a worshipper of Dithmenos the Shadowed
  4814 | Temple   | Reached * piety under Dithmenos
  4814 | Temple   | Reached ** piety under Dithmenos
  4853 | D:5      | Reached skill level 5 in Dodging
  5120 | D:5      | Reached skill level 5 in Long Blades
  5383 | D:5      | Reached skill level 5 in Fighting
  5383 | D:5      | Reached XP level 8. HP: 53/53 MP: 11/11
  6312 | D:6      | Found a white marble altar of Elyvilon.
  6330 | D:6      | Reached skill level 6 in Dodging
  6720 | D:6      | Reached *** piety under Dithmenos
  6970 | D:7      | Reached XP level 9. HP: 60/60 MP: 13/13
  7062 | D:7      | Found a runed translucent gate.
  7064 | D:7      | Found a runed translucent gate.
  7064 | D:7      | Found a runed translucent gate.
  7064 | D:7      | Noticed AlolanVulpixel's ghost (novice MiBe)
  7104 | D:7      | Reached skill level 5 in Evocations
  7108 | D:7      | Reached skill level 7 in Dodging
  8455 | D:8      | Reached **** piety under Dithmenos
  8511 | D:8      | Reached skill level 8 in Dodging
  8511 | D:8      | Reached XP level 10. HP: 54/69 MP: 15/15
  9232 | D:9      | Found a staircase to the Lair.
  9477 | D:9      | Found an opulent altar of Gozag.
  9885 | Lair:1   | Entered Level 1 of the Lair of Beasts
 10018 | Lair:1   | Noticed a spiny frog
 10041 | Lair:1   | Killed a spiny frog
 10041 | Lair:1   | Reached ***** piety under Dithmenos
 10041 | Lair:1   | Reached skill level 9 in Dodging
 10095 | Lair:1   | Reached skill level 1 in Shields
 10471 | Lair:1   | Noticed Harold
 10471 | Lair:1   | Noticed a black mamba
 10479 | Lair:1   | Killed a black mamba
 10703 | Lair:1   | Killed Harold
 10703 | Lair:1   | Reached XP level 11. HP: 75/75 MP: 17/17
 11376 | Lair:2   | Found a staircase to the Swamp.
 11540 | Lair:2   | Reached skill level 10 in Dodging
 11545 | Lair:2   | Reached skill level 10 in Long Blades
 12719 | Lair:3   | Found a hole to the Spider Nest.
 13122 | Lair:3   | Reached skill level 10 in Fighting
 13202 | Lair:3   | Reached skill level 11 in Dodging
 13202 | Lair:3   | Reached XP level 12. HP: 50/84 MP: 18/18
 13836 | Lair:3   | Lost mutation: Your body sometimes deteriorates upon taking
                  | damage. [potion of mutation]
 13836 | Lair:3   | Lost mutation: You are robust. (+10% HP) [potion of
                  | mutation]
 13836 | Lair:3   | Gained mutation: You are agile. (Dex +2) [potion of
                  | mutation]
 13836 | Lair:3   | Gained mutation: Your body sometimes deteriorates upon
                  | taking damage. [potion of mutation]
 13836 | Lair:3   | Gained mutation: You are partially covered in rugged brown
                  | scales. (AC +1, +3% HP) [potion of mutation]
 14079 | Lair:4   | Noticed a four-headed hydra
 14082 | Lair:4   | Killed a four-headed hydra
 14157 | Lair:4   | Noticed a five-headed hydra
 14169 | Lair:4   | Killed a five-headed hydra
 14553 | Lair:4   | Noticed a death yak
 14554 | Lair:4   | Noticed a death yak
 14745 | Lair:4   | Lost mutation: Your body sometimes deteriorates upon taking
                  | damage. [potion of mutation]
 14745 | Lair:4   | Lost mutation: You are partially covered in rugged brown
                  | scales. (AC +1, +3% HP) [potion of mutation]
 14745 | Lair:4   | Lost mutation: You are agile. (Dex +2) [potion of mutation]
 14745 | Lair:4   | Gained mutation: You have a pair of small horns on your
                  | head. [potion of mutation]
 14745 | Lair:4   | Gained mutation: Your skin changes colour to match your
                  | surroundings (Stealth+). [potion of mutation]
 14850 | Lair:4   | Noticed a death yak
 15641 | Lair:5   | Found an opulent altar of Gozag.
 15689 | Lair:5   | Noticed Nessos
 15696 | Lair:5   | Reached skill level 12 in Dodging
 15713 | Lair:5   | Shot with an arrow by Nessos

Levels and vault maps discovered:
D:1:      roderic_crop_circles_arrival_small, layout_loops_ring,
          minmay_close_crescents
D:2:      layout_loops_cross, patterned_corridor, uniq_crazy_yiuf_cottage,
          uniq_terence
D:3:      layout_loops_corners, serial_forest, infiniplex_forest_lined_room_2,
          infiniplex_forest_clump_small, infiniplex_forest_clump_double,
          infiniplex_forest_lined_4_way, infiniplex_forest_corner_1,
          infiniplex_forest_clump_long, infiniplex_forest_corner_1,
          infiniplex_forest_clump_cross, infiniplex_forest_clump_medium,
          minmay_cupped
D:4:      layout_rooms, nicolae_overflow_crystal_walls
D:5:      layout_loops_corners, minmay_temple_entry_butterflies, first_ration,
          corexii_shack, minivault_27
D:6:      layout_loops_ring, elyvilon_altar_5
D:7:      layout_cave_pods, gammafunk_ghost_nasty_kobolds, the_bakery,
          hangedman_abyss_or_decor_lesser_grid, kennysheep_another_room,
          minmay_checkerbox
D:8:      layout_loops_ring
D:9:      layout_small_grid, grunt_gozag_statues, lair_entry_dummy,
          skrybe_limestone_x
Temple:   regret_index_temple_chain_breaker
Lair:1:   layout_cave_shapes, uniq_harold
Lair:2:   layout_layer_cave, swamp_mist, nicolae_lair_grove_arrangements
Lair:3:   beast_lair_carwin_large_3, layout_gridlike,
          spider_nest_entry_web_field
Lair:4:   layout_regular_city, grunt_megastairs_5
Lair:5:   layout_concentric_octagons, basic_altar, uniq_nessos

Skill      XL: |  1  2  3  4  5  6  7  8  9 10 11 12 |
---------------+-------------------------------------+-----
Armour         | 1 2 3 4 |  4.0
Dodging        | 4 5 6 8 9 11 12 | 12.0
Evocations     | 1 2 3 4 6 7 |  7.0
Long Blades    | 4 5 6 8 9 10 11 | 11.9
Fighting       | 4 5 6 7 8 10 11 | 11.1
Shields        | 2 4 |  4.0
Stealth        | |  2.0

Action                   |  1- 3 |  4- 6 |  7- 9 | 10-12 || total
-------------------------+-------+-------+-------+-------++-------
Melee: Falchion          |    77 |   127 |   254 |       ||   458
       Kick              |    14 |    42 |   134 |   248 ||   438
       Peck              |    13 |    26 |    77 |   143 ||   259
       Long sword        |       |       |    45 |   470 ||   515
       Headbutt          |       |       |       |    11 ||    11
Throw: Dart              |       |       |       |     4 ||     4
Invok: Shadow Step       |       |       |       |     2 ||     2
 Abil: Evoke Berserk Rag |       |     1 |     3 |    12 ||    16
       Fly               |       |     1 |       |       ||     1
Evoke: Wand              |       |     3 |    31 |    32 ||    66
  Use: Scroll            |     2 |     2 |     4 |     9 ||    17
       Potion            |       |     4 |     1 |    10 ||    15
 Stab: Sleeping          |     3 |     8 |    11 |    13 ||    35
       Distracted        |       |       |       |     1 ||     1
  Eat: Chunk             |       |     7 |    14 |    14 ||    35
       Ration            |       |     1 |     1 |     6 ||     8
Armor: Robe              |    18 |    19 |       |       ||    37
       Leather armour    |       |     7 |    16 |    25 ||    48
Dodge: Dodged            |    48 |   108 |   312 |   461 ||   929
Block: Buckler           |       |       |       |    74 ||    74
       Rpst.: Falchion   |    12 |    22 |    74 |       ||   108
       Long sword        |       |       |    14 |   130 ||   144

Table legend:
 A = Non-vault XP
 B = Vault XP
 C = Vault XP percentage of total XP
 D = Non-vault monster count
 E = Vault monster count
 F = Vault count percentage of total count
                 A         B        C        D         E       F
            +---------+---------+-------+---------+---------+-------
      Total |   23938 |    3394 |  12.4 |     277 |      28 |   9.2
            +---------+---------+-------+---------+---------+-------
        D:1 |      63 |       6 |   8.7 |      26 |       5 |  16.1
        D:2 |      56 |      73 |  56.6 |      16 |       2 |  11.1
        D:3 |     361 |       3 |   0.8 |      24 |       3 |  11.1
        D:4 |     174 |       0 |   0.0 |      12 |       0 |   0.0
        D:5 |     561 |       2 |   0.4 |      25 |       1 |   3.8
        D:6 |     917 |       0 |   0.0 |      21 |       0 |   0.0
        D:7 |    1016 |     439 |  30.2 |      24 |       5 |  17.2
        D:8 |    2066 |       0 |   0.0 |      40 |       0 |   0.0
        D:9 |     946 |       0 |   0.0 |      21 |       0 |   0.0
     Lair:1 |    2912 |     968 |  24.9 |      11 |       1 |   8.3
     Lair:2 |    2812 |       0 |   0.0 |      12 |       0 |   0.0
     Lair:3 |    5592 |    1661 |  22.9 |      20 |       9 |  31.0
     Lair:4 |    5610 |     242 |   4.1 |      21 |       2 |   8.7
     Lair:5 |     852 |       0 |   0.0 |       4 |       0 |   0.0
            +---------+---------+-------+---------+---------+-------
